 Dungeon Crawl Stone Soup version 0.19-a0-1654-g9d3f708 (webtiles) character file.

1940 inmateoo the Digger (level 8, -4/60 HPs)
             Began as a Demonspawn Earth Elementalist on Sept 20, 2016.
             Was a Follower of Ashenzari.
             Slain by an ice beast (12 damage)
             ... on level 7 of the Dungeon.
             The game lasted 00:13:59 (6222 turns).

inmateoo the Digger (Demonspawn Earth Elementalist) Turns: 6222, Time: 00:13:59

Health: -4/60      AC:  5    Str:  9    XL:     8   Next: 98%
Magic:  0/14       EV: 19    Int: 18    God:    Ashenzari [*.....]
Gold:   407        SH:  0    Dex: 14    Spells: 4 memorised, 5 levels left

rFire  . . .     SeeInvis .     t - +2 falchion (freeze)
rCold  . . .     Gourm    .     c - +1 robe
rNeg   . . .     Faith    .     (no shield)
rPois  .         Spirit   +     (no helmet)
rElec  .         Dismiss  .     (no cloak)
rCorr  .         Reflect  .     (no gloves)
MR     .....     Harm     .     (no boots)
Stlth  ++........               (no amulet)
                                (no ring)
                                p - +5 ring of evasion

@: very slightly contaminated, drained
A: talons 2, slimy green scales 1, magic shield
a: Curse Item, Scrying, Renounce Religion


You were on level 7 of the Dungeon.
You worshipped Ashenzari.
Ashenzari was aware of your devotion.
You were very hungry.

You visited 1 branch of the dungeon, and saw 7 of its levels.

You collected 407 gold pieces.

Inventory:

Hand Weapons
 l - a +0 trident of freezing
 q - a +0 dagger of venom
 t - a +2 falchion of freezing (weapon)
 z - a +0 whip of flaming
Missiles
 b - 144 stones (quivered)
Armour
 c - a +1 robe (worn)
Magical Staves
 y - an uncursed staff of poison
Jewellery
 p - a +5 ring of evasion (left hand)
Scrolls
 g - 2 scrolls of magic mapping
 j - 3 scrolls of enchant armour
 n - 2 scrolls of remove curse
 o - 2 scrolls of teleportation
 r - a scroll of fog {unknown}
 v - a scroll of fear {unknown}
 w - a scroll of recharging
Potions
 a - 2 potions of haste {unknown}
 i - 2 potions of agility
 k - a potion of brilliance
 m - 2 potions of ambrosia
 s - 2 potions of curing
 u - a potion of might {unknown}
Books
 e - a book of Geomancy

   Spells                             Type                      Level
   a - Sandblast                      Earth                        1
   b - Passwall                       Transmutation/Earth          2
   c - Stone Arrow                    Conjuration/Earth            3
   d - Petrify                        Transmutation/Earth          4
   e - Lee's Rapid Deconstruction     Earth                        5
Comestibles
 d - 5 bread rations
 h - a royal jelly
 x - a meat ration


   Skills:
 + Level 3.7(3.0) Fighting
 - Level 2.2(1.5) Short Blades
 - Level 1.0(0.4) Polearms
 + Level 4.6(3.9) Dodging
 + Level 4.5(3.8) Stealth
 + Level 4.5(3.8) Spellcasting
 - Level 0.8(0.2) Transmutations
 * Level 6.4(5.7) Earth Magic
 + Level 2.4(1.7) Evocations


You had 5 spell levels left.
You knew the following spells:

 Your Spells              Type           Power        Failure   Level  Hunger
a - Sandblast             Erth           ###...       1%          1    None
b - Passwall              Tmut/Erth      ##........   10%         2    ##.....
c - Stone Arrow           Conj/Erth      ##....       17%         3    ###....
d - Lee's Rapid Deconstr  Erth           ###.......   41%         5    ######.


Dungeon Overview and Level Annotations

Branches:
Dungeon (7/15)             Temple (0/1) D:5

Altars:
Ashenzari
Hepliaklqana
Ru
Yredelemnul

Shops:
D:5 :

Annotations:
D:4 inmateoo's ghost, amateur DsEE


Innate Abilities, Weirdness & Mutations

You have razor-sharp toenails.
You are partially covered in slimy green scales. (AC +2)
When hurt, damage is shared between your health and your magic reserves.


Message History

Okay, then.
Wield which item (- for none, * to show all)? (? for menu, Esc to quit)
Your +2 falchion of freezing stops glowing.
Your +0 dagger of venom begins to drip with poison!
q - a +0 dagger of venom (weapon)
The ice beast hits you but does no damage.
Wield which item (- for none, * to show all)? (? for menu, Esc to quit)
Your +0 dagger of venom stops dripping with poison.
Your +2 falchion of freezing glows with a cold blue light!
t - a +2 falchion of freezing (weapon)
You are feeling very hungry.
The ice beast hits you. The ice beast freezes you!
* * * LOW HITPOINT WARNING * * *
Things that are here:
a +0 whip of flaming; a +0 dagger
z - a +0 whip of flaming The ice beast hits you.
* * * LOW HITPOINT WARNING * * *
The ice beast freezes you!
You die...

#.#####.# #.# #.# #.# #.#
#.# #.# #.# #.# #.####.####
#.# #.# #.#.......#
#.#####.# #.#.......#
#.......# #.#.......#
#####.### #####.........#
#...# #.............#
#.############@Y...#.......#
#.##..>....).[.....#.......#
#.##.#########.....#....####
#.##.# #.......#.## #.##.#
######....# #.##.###
.........# #......#
########.# ###..###.#####.#
##.#.# .....# #.......#
##.#..#


You could see an ice beast.

Vanquished Creatures
  Pikel (D:7)
  2 ogres
  A necrophage (D:7)
  A centaur (D:7)
  2 bullfrogs
  2 scorpions (D:3)
  3 wights (D:7)
  2 howler monkeys
  A bullfrog zombie (D:5)
  A quasit (D:7)
  2 hounds (D:7)
  A gnoll shaman (D:6)
  An orc priest (D:5)
  A bullfrog skeleton (D:4)
  An iguana (D:6)
  3 orc wizards
  4 worker ants
  A killer bee zombie (D:7)
  5 gnolls (D:6)
  11 adders
  2 shadow imps
  2 oozes
  An adder zombie (D:5)
  4 worms
  2 dart slugs
  4 leopard geckos
  12 orcs
  7 bats
  4 giant cockroaches
  7 goblins
  6 hobgoblins
  4 jackals (D:3)
  3 quokkas
  7 frilled lizards
  8 kobolds
  10 rats
129 creatures vanquished.

Vanquished Creatures (others)
  An orc (D:7)
1 creature vanquished.

Grand Total: 130 creatures vanquished

Notes
Turn   | Place    | Note
-------+----------+-------------------------------------------
     0 | D:1      | inmateoo the Demonspawn Earth Elementalist began the quest for the Orb.
     0 | D:1      | Reached XP level 1. HP: 13/13 MP: 3/3
   476 | D:1      | Gained mutation: You have sharp toenails. [demonic ancestry]
   476 | D:1      | Reached XP level 2. HP: 14/19 MP: 1/5
   516 | D:1      | Learned a level 2 spell: Passwall
   731 | D:1      | Reached skill level 3 in Earth Magic
   879 | D:1      | Reached XP level 3. HP: 23/24 MP: 3/6
   884 | D:1      | Learned a level 3 spell: Stone Arrow
  1003 | D:2      | Reached skill level 1 in Short Blades
  1274 | D:2      | Found a shattered altar of Ashenzari.
  1572 | D:2      | Became a worshipper of Ashenzari the Shackled
  1590 | D:2      | Gained mutation: You are partially covered in slimy green scales. (AC +2) [demonic ancestry]
  1590 | D:2      | Reached XP level 4. HP: 28/30 MP: 3/7
  2357 | D:3      | Gained mutation: When hurt, damage is shared between your health and your magic reserves. [demonic ancestry]
  2357 | D:3      | Reached XP level 5. HP: 35/35 MP: 8/8
  3241 | D:4      | Found a sacrificial altar of Ru.
  3241 | D:4      | Found a hazy altar of Hepliaklqana.
  3276 | D:3      | Reached skill level 4 in Earth Magic
  3461 | D:3      | Reached XP level 6. HP: 21/41 MP: 0/10
  3582 | D:4      | Noticed inmateoo's ghost (amateur DsEE)
  3696 | D:5      | Entered Level 5 of the Dungeon
  3700 | D:5      | Reached * piety under Ashenzari
  3717 | D:5      | Found a staircase to the Ecumenical Temple.
  3768 | D:5      | Found Ceoqus's Book Shop.
  4021 | D:4      | Reached skill level 1 in Fighting
  4021 | D:4      | Reached XP level 7. HP: 47/48 MP: 11/11
  4241 | D:5      | Reached skill level 1 in Polearms
  4305 | D:5      | Found a basalt altar of Yredelemnul.
  4415 | D:5      | Reached skill level 5 in Earth Magic
  4559 | D:5      | Learned a level 5 spell: Lee's Rapid Deconstruction
  5436 | D:7      | Gained mutation: You have razor-sharp toenails. [demonic ancestry]
  5436 | D:7      | Reached XP level 8. HP: 54/57 MP: 1/13
  5533 | D:7      | Noticed Pikel
  5566 | D:7      | Killed Pikel
  5566 | D:7      | Reached skill level 6 in Earth Magic
  5566 | D:7      | Reached skill level 1 in Evocations
  5675 | D:7      | Found Wijisiuf's Jewellery Emporium.
  6222 | D:7      | Slain by an ice beast

Vault maps used:
D:1:      ncdulo_smallfort
D:2:      nicolae_ashenzari_panopticon
D:4:      grunt_temple_overflow_open, first_bread, makhleb_blood_cavern_becter
D:5:      yredelemnul_altar_generic, serial_shops, shop
D:7:      serial_shops, shop, uniq_pikel

Skill      XL: |  1  2  3  4  5  6  7  8 |
---------------+-------------------------+-----
Stealth        | 2 3 4 |  4.5
Dodging        | 2 3 4 |  4.6
Earth Magic    | 3 4 5 6 |  6.4
Short Blades   | 1 2 |  2.2
Spellcasting   | 3 4 |  4.5
Fighting       | 1 2 3 |  3.7
Polearms       | 1 |  1.0
Evocations     | 2 |  2.4
Transmutations | |  0.8

Action                   |  1- 3 |  4- 6 |  7- 9 || total
-------------------------+-------+-------+-------++-------
Melee: Dagger            |    38 |   124 |   102 ||   264
       Kick              |     5 |    33 |    49 ||    87
       Trident           |       |    43 |    24 ||    67
       Unarmed           |       |       |     8 ||     8
       Whip              |       |       |    34 ||    34
       Falchion          |       |       |    33 ||    33
 Cast: Sandblast         |    65 |   100 |    37 ||   202
       Stone Arrow       |       |       |    11 ||    11
  Use: Potion            |     2 |     1 |     1 ||     4
       Scroll            |       |     7 |     3 ||    10
 Stab: Sleeping          |     2 |     7 |     4 ||    13
       Distracted        |       |       |     3 ||     3
  Eat: Chunk             |     3 |     8 |     5 ||    16
       Beef jerky        |       |       |     2 ||     2
Armor: Robe              |    11 |    31 |    29 ||    71
       Skin              |       |       |    13 ||    13
Dodge: Dodged            |    54 |   188 |   187 ||   429
